 Dungeon Crawl Stone Soup version 0.31-a0-986-g5e6e4ef867 (webtiles) character file.

Game seed: 3348354724296361517

16 sammy202020 the Changeling (level 2, 12/12 HPs)
             Began as a Felid Shapeshifter on Nov 17, 2023.
             Quit the game on level 1 of the Dungeon.
             The game lasted 00:01:28 (685 turns).

sammy202020 the Changeling (Felid Shapeshifter)      Turns: 685, Time: 00:01:28

Health: 12/12      AC:  1    Str: 10    XL:     2   Next: 37%
Magic:  3/3        EV: 17    Int: 11    God:
Gold:   8          SH:  0    Dex: 15    Spells: 1/1 levels left
                                        Lives:  1   Deaths: 0

rFire   . .          .
                       - Unarmed
rCold   . . .        (shield unavailable)
rNeg    . . .        (body armour unavailable)
rPois   .            (helmet unavailable)
rElec   .            (cloak unavailable)
rCorr   .            (gloves unavailable)
SInv    +            (boots unavailable)
Will    .....        (no amulet)
Stlth   +            (no ring)
HPRegen 0.22/turn    (no ring)
MPRegen 0.08/turn

%: no passive effects
@: beast-form, quick
A: beast (slay +1), very small, claws 1, fangs 3, see invisible, speed 1, shaggy
fur 1, stealthy paws, no weapons or thrown items, no armour, multi-lived
a: Begin Untransformation


You were on level 1 of the Dungeon.
You were a hulking beast.
You visited 1 branch of the dungeon, and saw 1 of its levels.

You collected 8 gold pieces.

Inventory:

Talismans
 b - a beast talisman
 c - a flux talisman
Scrolls
 f - a scroll of identify {unknown}
Potions
 a - 2 potions of lignification
 d - a potion of curing {unknown}
 e - a potion of brilliance {unknown}


   Skills:
 * Level 1.4 Fighting
 * Level 3.1 Dodging
 * Level 3.2 Unarmed Combat
 * Level 3.4 Shapeshifting


You had one spell level left.
You didn't know any spells.
Your spell library contained the following spells:

 Spells                   Type           Power      Damage    Failure   Level
 Necrotise                Necr           0%         1d4       34%         1
 Ignite Poison            Fire/Tmut/Pois 0%         N/A       71%         3
 Vampiric Draining        Necr           0%         2d6       71%         3
 Sticky Flame             Conj/Fire      0%         2d3       98%         4
 Agony                    Necr           0%         N/A       100%        5
 Ignition                 Fire           0%         3d3       100%        8


Dungeon Overview and Level Annotations

Branches:
Dungeon (1/15)

Altars:


Innate Abilities, Weirdness & Mutations

You are a hulking beast.
Your limbs bulge with bestial killing power. (Slay +1)
You have sharp claws.
You have razor-sharp teeth.
You have supernaturally acute eyesight. (SInv)
You cover ground quickly. (Speed+)
You are covered in fur. (AC +1)
Your paws help you pounce on unaware monsters.
You are incapable of wielding weapons or throwing items.
You cannot wear armour.
You gain extra lives every three experience levels.


Message History

You claw the ball python!
You kill the ball python!
No target in view!
No target in view!
No target in view!
No target in view!
No target in view!
No target in view!
No target in view!
Found a stone staircase leading down.
Found a robe.
You now have 8 gold pieces.
Found a robe.
There is a stone staircase leading down here.
No target in view!
No target in view!
No target in view!
No target in view!
No target in view!
No target in view!
A goblin comes into view. It is wielding a +0 dagger.
A goblin is nearby!
Found a helmet.
You see here a scroll labelled EMANIE VIFAHURGHI.
You claw the goblin!
You kill the goblin!
No target in view!
No target in view!
No target in view!
No target in view!
No target in view!
No target in view!
No target in view!
No target in view!
No target in view!
No target in view!
No target in view!
No target in view!
You see here a +0 robe.
Are you sure you want to abandon this character and quit the game? (Confirm with "yes".)

#######...##............
.......>##########''####
#######.# ###≈≈..≈≈##
...#.# ##≈≈≈§..§≈≈§
..###.#.#####≈≈≈#≈.§§#≈§
...........##≈≈≈≈≈.§≈§§≈
....#.#.#.##≈≈≈≈≈≈.§§§§≈
..[......?.#≈§≈≈§#..#≈≈≈
....#.#h#).#§§#≈§#..#§§#
....#.#.#..# ≈≈§§#><#≈≈§
..# # #.#..#§≈§ ####≈≈≈
## #.#..#≈≈ ≈≈ #.#..#
#.#..# #.#### #.#
###########


There were no monsters in sight!

Vanquished Creatures
  2 dart slugs (D:1)
  5 goblins (D:1)
  A hobgoblin (D:1)
  3 ball pythons (D:1)
  A rat (D:1)
12 creatures vanquished.

Notes
Turn   | Place    | Note
-------+----------+-------------------------------------------
     0 | D:1      | sammy202020 the Felid Shapeshifter began the quest for the
                  | Orb.
     0 | D:1      | Reached XP level 1. HP: 9/9 MP: 2/2
   199 | D:1      | Reached XP level 2. HP: 6/12 MP: 3/3
   685 | D:1      | Quit the game

Illustrated notes

Levels and vault maps discovered:
D:1:      lightli_molten_gateway, layout_basic

Skill      XL: |  1 |
---------------+----+-----
Dodging        | 3 |  3.1
Fighting       | |  1.4
Unarmed Combat | |  3.2
Shapeshifting  | |  3.4

Action                     || total
---------------------------++-------
  Melee: Unarmed           ||    21
         Bite              ||     1
   Stab: Sleeping          ||     2
 Armour: Skin              ||     8
  Dodge: Dodged            ||    13

Table legend: (Time is in decaauts)
 A = Elapsed time spent in this place.
 B = Non-inter-level travel time spent in this place.
 C = Inter-level travel time spent in this place.
 D = Time resting spent in this place.
 E = Time spent auto-exploring this place.
 F = Levels seen in this place.
 G = Mean time per level.
                   A        B        C        D        E       F      G
               +--------+--------+--------+--------+--------+-----+--------+
         Total |    560 |    560 |      0 |      0 |    480 |   1 |  560.0 |
       Dungeon |    560 |    560 |      0 |      0 |    480 |   1 |  560.0 |
               +--------+--------+--------+--------+--------+-----+--------+

Top non-repeatable levels by time:
     D:1: 560 daAuts
